cohdb
Replays
Latest Replays
All Replays
Popular Replays
Top Player Replays
Match Explorer
How It Works
Community
CoH3 Stats
Reddit
Sign in to upload your games and track your stats! →
Sign in with Steam
Match 45658337
Unlisted
Match 45658337
Overview
Messages
Build Orders
End
Engineer Squad
Construct Barracks
Selects Advanced Infantry Battlegroup
1⁄4-ton 4x4 Truck
Riflemen Squad
Riflemen Squad
Riflemen Squad
Construct Weapon Support Center
Bazooka Squad
Infantry Support Center
Construct Medical Station
Grenade Package
Bazooka Squad
Selects Convert to Ranger Squad
Bazooka Squad
Improved M9 Bazooka Rockets
Riflemen Squad
Advanced Logistics
Convert to Ranger Squad
Selects Designate Assault Position
Convert to Ranger Squad
Selects Infantry Assault
Infantry Assault
Construct Tank Depot
Infantry Assault
Survival Training
M18 Hellcat Tank Destroyer
Sebulous
Infantry
old tiger
撸啊撸么么叁
Honey
我是傻逼
March7th~ttv
Zebra
0
0
Comments
sign in to comment!
No comments posted yet!